PCL
MILE HIGH BRONCOS @ SAN JOSE MISSIONS
04/11/2024
 
TOP OF THE 1ST
Mile High Broncos batting - Pitching for San Jose Missions : LHP Dave Miller
Pitching: LHP Dave Miller
Batting: RHB Juan Gonzáles 0-0: Called Strike
0-1: Ball
1-1: Ball
2-1: Ball
3-1: Base on Balls
Batting: RHB Juan Jose Guevana 0-0: Called Strike
0-1: Ball
1-1: Foul Ball, location: 2F
1-2: Fly out, F7 (Flyball, 78S)
Batting: RHB José Herrera 0-0: Foul Ball, location: 2F
0-1: Ball
1-1: Ball
2-1: Grounds into double play, 5-4-3 (Groundball, 56)
Top of the 1st over - 0 run(s), 0 hit(s), 0 error(s), 0 left on base; Mile High 0 - San Jose 0
BOTTOM OF THE 1ST
San Jose Missions batting - Pitching for Mile High Broncos : RHP Luis Salazar
Pitching: RHP Luis Salazar
Batting: RHB Jorge Domínguez 0-0: Foul Ball, location: 2F
0-1: Called Strike
0-2: Strikes out swinging
Batting: RHB Joe Broadhead 0-0: Foul Ball, location: 2F
0-1: Ball
1-1: Ball
2-1: Called Strike
2-2: Ball
3-2: Base on Balls
Batting: RHB Javier Ramírez 0-0: Called Strike
0-1: Foul Ball, location: 2F
0-2: Strikes out looking
Batting: LHB John Foster 0-0: Called Strike
0-1: Ball
1-1: Ball
2-1: Ball
3-1: Swinging Strike
3-2: Strikes out swinging
Bottom of the 1st over - 0 run(s), 0 hit(s), 0 error(s), 1 left on base; Mile High 0 - San Jose 0
TOP OF THE 2ND
Mile High Broncos batting - Pitching for San Jose Missions : LHP Dave Miller
Batting: RHB António Martínez 0-0: Ball
1-0: Ball
2-0: Called Strike
2-1: Ball
3-1: SINGLE (Groundball, 34D)
Batting: RHB Su-kweon Yu 0-0: Swinging Strike
0-1: Ball
1-1: Ball
2-1: Called Strike
2-2: Foul Ball, location: 2F
2-2: Strikes out swinging
Batting: RHB Jung-ha Kim 0-0: Ball
1-0: Called Strike
1-1: Ball
2-1: Fly out, F7 (Line Drive, 7LM)
Batting: SHB Tom Stevens 0-0: Ball
1-0: Called Strike
1-1: Swinging Strike
1-2: Fielders Choice at 2nd, 6-4 (Groundball, 6)
Top of the 2nd over - 0 run(s), 1 hit(s), 0 error(s), 0 left on base; Mile High 0 - San Jose 0
BOTTOM OF THE 2ND
San Jose Missions batting - Pitching for Mile High Broncos : RHP Luis Salazar
Batting: RHB Madidou El Sayed 0-0: Ball
1-0: Ball
2-0: Fly out, F2 (Popup, 2LF)
Batting: RHB Artie Green 0-0: SINGLE (Line Drive, 78S)
Batting: RHB Jorge Comacho 0-0: Ball
1-0: Ball
Artie Green steals 2nd base
2-0: Foul Ball, location: 2F
2-1: Ball
3-1: SINGLE (Groundball, 6M)
Artie Green to third
Batting: RHB Ángel López 0-0: Called Strike
0-1: Grounds into double play, 4-6-3 (Groundball, 4)
Bottom of the 2nd over - 0 run(s), 2 hit(s), 0 error(s), 1 left on base; Mile High 0 - San Jose 0
TOP OF THE 3RD
Mile High Broncos batting - Pitching for San Jose Missions : LHP Dave Miller
Batting: LHB Bill Houston 0-0: Ball
1-0: Ball
2-0: Ball
3-0: SINGLE (Line Drive, 9LS)
Batting: RHB Mançio Delmage 0-0: Called Strike
0-1: Fly out, F9 (Flyball, 89D)
Batting: RHB Juan Gonzáles 0-0: Swinging Strike
0-1: Swinging Strike
0-2: Foul Ball, location: 2F
0-2: Ball
1-2: Ball
2-2: SINGLE (Flyball, 7LS)
Bill Houston to second
Batting: RHB Juan Jose Guevana 0-0: Foul Ball, location: 2F
0-1: Grounds into double play, U6-3 (Groundball, 6)
Top of the 3rd over - 0 run(s), 2 hit(s), 0 error(s), 1 left on base; Mile High 0 - San Jose 0
BOTTOM OF THE 3RD
San Jose Missions batting - Pitching for Mile High Broncos : RHP Luis Salazar
Batting: RHB Elliott Rucker 0-0: Ball
1-0: Foul Ball, location: 2F
1-1: Fly out, F7 (Flyball, 78M)
Batting: RHB Jorge Domínguez 0-0: Called Strike
0-1: Ball
1-1: Foul Ball, location: 2F
1-2: Foul Ball, location: 2F
1-2: Strikes out swinging
Batting: RHB Joe Broadhead 0-0: Ball
1-0: Ball
2-0: Foul Ball, location: 2F
2-1: Ball
3-1: Ground out 5-3 (Groundball, 5)
Bottom of the 3rd over - 0 run(s), 0 hit(s), 0 error(s), 0 left on base; Mile High 0 - San Jose 0
TOP OF THE 4TH
Mile High Broncos batting - Pitching for San Jose Missions : LHP Dave Miller
Batting: RHB José Herrera 0-0: Ball
1-0: Ball
2-0: Ball
3-0: Called Strike
3-1: Called Strike
3-2: Foul Ball, location: 2F
3-2: Base on Balls
Batting: RHB António Martínez 0-0: Called Strike
José Herrera steals 2nd base
0-1: SINGLE (Line Drive, 7S)
José Herrera to third
Runner from 3rd tries for Home, SAFE, no throw or cutoff
Batting: RHB Su-kweon Yu 0-0: Ball
Wild Pitch!
António Martínez to second
1-0: Called Strike
1-1: Swinging Strike
1-2: DOUBLE (Line Drive, 7LD)
António Martínez scores
Batting: RHB Jung-ha Kim 0-0: Fly out, F9 (Flyball, 9M)
Batting: SHB Tom Stevens 0-0: Ball
1-0: Foul Ball, location: 2F
1-1: Foul Ball, location: 2F
1-2: Ball
2-2: Ball
3-2: DOUBLE (Flyball, 89M)
Su-kweon Yu scores
Batting: LHB Bill Houston 0-0: Ball
1-0: Ball
2-0: Ground out 4-3 (Groundball, 4)
Tom Stevens to third
Batting: RHB Mançio Delmage 0-0: Ball
1-0: Called Strike
Balk!
Tom Stevens scores
1-1: Fly out, F8 (Flyball, 8RS)
Top of the 4th over - 4 run(s), 3 hit(s), 0 error(s), 0 left on base; Mile High 4 - San Jose 0
BOTTOM OF THE 4TH
San Jose Missions batting - Pitching for Mile High Broncos : RHP Luis Salazar
Batting: RHB Javier Ramírez 0-0: Swinging Strike
0-1: Ball
1-1: Foul Ball, location: 2F
1-2: Strikes out swinging
Batting: LHB John Foster 0-0: Ball
1-0: Called Strike
1-1: Foul Ball, location: 2F
1-2: Ball
2-2: Strikes out swinging
Batting: RHB Madidou El Sayed 0-0: Ground out 4-3 (Groundball, 4)
Bottom of the 4th over - 0 run(s), 0 hit(s), 0 error(s), 0 left on base; Mile High 4 - San Jose 0
TOP OF THE 5TH
Mile High Broncos batting - Pitching for San Jose Missions : LHP Dave Miller
Batting: RHB Juan Gonzáles 0-0: Ball
1-0: Foul Ball, location: 2F
1-1: Swinging Strike
1-2: Foul Ball, location: 2F
1-2: Strikes out swinging
Batting: RHB Juan Jose Guevana 0-0: Called Strike
0-1: Ball
1-1: Ball
2-1: Ground out 4-3 (Groundball, 4M)
Batting: RHB José Herrera 0-0: Called Strike
0-1: SINGLE (Groundball, 56D)
Batting: RHB António Martínez 0-0: Called Strike
0-1: Fly out, F4 (Popup, 34D)
Top of the 5th over - 0 run(s), 1 hit(s), 0 error(s), 1 left on base; Mile High 4 - San Jose 0
BOTTOM OF THE 5TH
San Jose Missions batting - Pitching for Mile High Broncos : RHP Luis Salazar
Batting: RHB Artie Green 0-0: Bunt for hit - play at first, batter safe!
Batting: RHB Jorge Comacho 0-0: Ball
1-0: Called Strike
Artie Green steals 2nd base
1-1: Swinging Strike
1-2: Foul Ball, location: 2F
1-2: Ground out 6-3 (Groundball, 6M)
Artie Green to third
Batting: RHB Ángel López 0-0: Ball
1-0: Called Strike
1-1: Swinging Strike
1-2: Strikes out swinging
Batting: RHB Elliott Rucker 0-0: Ball
1-0: Called Strike
1-1: Called Strike
1-2: Ball
2-2: Ground out 4-3 (Groundball, 4M)
Bottom of the 5th over - 0 run(s), 1 hit(s), 0 error(s), 1 left on base; Mile High 4 - San Jose 0
TOP OF THE 6TH
Mile High Broncos batting - Pitching for San Jose Missions : LHP Dave Miller
Pitching: RHP Lorenzo Diéguez
Batting: RHB Su-kweon Yu 0-0: Swinging Strike
0-1: Ball
1-1: Ball
2-1: Swinging Strike
2-2: Foul Ball, location: 2F
2-2: Foul Ball, location: 2F
2-2: Foul Ball, location: 2F
2-2: Strikes out swinging
Batting: RHB Jung-ha Kim 0-0: Ball
1-0: Ball
2-0: Ball
3-0: Called Strike
3-1: Foul Ball, location: 2F
3-2: Base on Balls
Batting: SHB Tom Stevens 0-0: Foul Ball, location: 2F
0-1: Ball
1-1: Ball
2-1: DOUBLE (Line Drive, 5L)
Jung-ha Kim to third
Batting: LHB Bill Houston 0-0: Intentional Walk
Batting: RHB Mançio Delmage 0-0: Called Strike
0-1: Fly out, F7 (Flyball, 7D)
Runner from 3rd tags up, SCORES, no throw
Tom Stevens to third
Batting: RHB Juan Gonzáles 0-0: Called Strike
0-1: Foul Ball, location: 2F
0-2: Ball
1-2: Foul Ball, location: 2F
1-2: Foul Ball, location: 2F
1-2: Foul Ball, location: 2F
1-2: Fly out, F2 (Popup, 25F)
Top of the 6th over - 1 run(s), 1 hit(s), 0 error(s), 2 left on base; Mile High 5 - San Jose 0
BOTTOM OF THE 6TH
San Jose Missions batting - Pitching for Mile High Broncos : RHP Luis Salazar
Batting: RHB Jorge Domínguez 0-0: Swinging Strike
0-1: Called Strike
0-2: Strikes out swinging
Batting: RHB Joe Broadhead 0-0: SINGLE (Line Drive, 34D)
Batting: RHB Javier Ramírez 0-0: Ball
1-0: Swinging Strike
1-1: Called Strike
1-2: Fly out, F9 (Flyball, 9M)
Batting: LHB John Foster 0-0: Ball
1-0: Ball
2-0: Foul Ball, location: 2F
2-1: Foul Ball, location: 2F
2-2: Ball
3-2: Foul Ball, location: 2F
3-2: Foul Ball, location: 2F
3-2: Ground out U3 (Groundball, 3L)
Bottom of the 6th over - 0 run(s), 1 hit(s), 0 error(s), 1 left on base; Mile High 5 - San Jose 0
TOP OF THE 7TH
Mile High Broncos batting - Pitching for San Jose Missions : RHP Lorenzo Diéguez
Batting: RHB Juan Jose Guevana 0-0: Called Strike
0-1: Ball
1-1: Swinging Strike
1-2: Strikes out swinging
Batting: RHB José Herrera 0-0: Called Strike
0-1: SOLO HOME RUN (Flyball, 7LD), Distance : 367 ft
Batting: RHB António Martínez 0-0: Ball
1-0: Ball
2-0: Ball
3-0: Base on Balls
Batting: RHB Su-kweon Yu 0-0: Foul Ball, location: 2F
0-1: Foul Ball, location: 2F
0-2: Ball
1-2: Foul Ball, location: 2F
1-2: Strikes out looking
Batting: RHB Jung-ha Kim 0-0: Fly out, F8 (Flyball, 78D)
Top of the 7th over - 1 run(s), 1 hit(s), 0 error(s), 1 left on base; Mile High 6 - San Jose 0
BOTTOM OF THE 7TH
San Jose Missions batting - Pitching for Mile High Broncos : RHP Luis Salazar
Batting: RHB Madidou El Sayed 0-0: Called Strike
0-1: Called Strike
0-2: Ball
1-2: Ground out 4-3 (Groundball, 4S)
Batting: RHB Artie Green 0-0: Called Strike
0-1: Ball
1-1: Ball
2-1: Ball
3-1: Swinging Strike
3-2: Strikes out swinging
Batting: RHB Jorge Comacho 0-0: Fly out, F7 (Flyball, 7S)
Bottom of the 7th over - 0 run(s), 0 hit(s), 0 error(s), 0 left on base; Mile High 6 - San Jose 0
TOP OF THE 8TH
Mile High Broncos batting - Pitching for San Jose Missions : RHP Lorenzo Diéguez
Pitching: RHP Danny Wheeler
Batting: SHB Tom Stevens 0-0: Called Strike
0-1: Fly out, F5 (Popup, 5SF)
Batting: LHB Bill Houston 0-0: Ball
1-0: Called Strike
1-1: Ground out U3 (Groundball, 3)
Batting: RHB Mançio Delmage 0-0: SINGLE (Line Drive, 34D)
Batting: RHB Juan Gonzáles 0-0: Ball
1-0: Ball
2-0: Ball
3-0: Base on Balls
Mançio Delmage to second
Batting: RHB Juan Jose Guevana 0-0: Ball
1-0: Fielders Choice at 2nd, U6 (Groundball, 6M)
Top of the 8th over - 0 run(s), 1 hit(s), 0 error(s), 2 left on base; Mile High 6 - San Jose 0
BOTTOM OF THE 8TH
San Jose Missions batting - Pitching for Mile High Broncos : RHP Luis Salazar
Batting: RHB Ángel López 0-0: Called Strike
0-1: Called Strike
0-2: Ground out 1-3 (Groundball, 23)
Batting: RHB Elliott Rucker 0-0: Called Strike
0-1: Fly out, F9 (Flyball, 9LSF)
Batting: RHB Jorge Domínguez 0-0: Ball
1-0: Swinging Strike
1-1: Called Strike
1-2: Foul Ball, location: 2F
1-2: Fly out, F3 (Popup, 3F)
Bottom of the 8th over - 0 run(s), 0 hit(s), 0 error(s), 0 left on base; Mile High 6 - San Jose 0
TOP OF THE 9TH
Mile High Broncos batting - Pitching for San Jose Missions : RHP Danny Wheeler
Batting: RHB José Herrera 0-0: Fly out, F8 (Flyball, 8LXD)
Batting: RHB António Martínez 0-0: Ball
1-0: Ball
2-0: Swinging Strike
2-1: Foul Ball, location: 2F
2-2: Foul Ball, location: 2F
2-2: Fly out, F9 (Flyball, 89D)
Batting: RHB Su-kweon Yu 0-0: Swinging Strike
0-1: Ball
1-1: DOUBLE (Line Drive, 7D)
Batting: RHB Jung-ha Kim 0-0: Ball
1-0: Called Strike
1-1: Foul Ball, location: 2F
1-2: Ball
2-2: Hit by Pitch
Batting: SHB Tom Stevens 0-0: Swinging Strike
0-1: Ball
1-1: Ball
2-1: Ball
3-1: Foul Ball, location: 2F
3-2: Base on Balls
Su-kweon Yu to third
Jung-ha Kim to second
Batting: LHB Bill Houston 0-0: Called Strike
0-1: Fielders Choice at 2nd, U6 (Groundball, 6M)
Top of the 9th over - 0 run(s), 1 hit(s), 0 error(s), 3 left on base; Mile High 6 - San Jose 0
BOTTOM OF THE 9TH
San Jose Missions batting - Pitching for Mile High Broncos : RHP Luis Salazar
Pitching: RHP Ramón Soto
Now at SS: Vincente Ventura
Batting: RHB Joe Broadhead 0-0: Ball
1-0: Called Strike
1-1: Swinging Strike
1-2: Strikes out swinging
Batting: RHB Javier Ramírez 0-0: Ball
1-0: Ball
2-0: Foul Ball, location: 2F
2-1: Called Strike
2-2: Strikes out looking
Batting: LHB John Foster 0-0: Ball
1-0: Called Strike
1-1: Ball
2-1: SINGLE (Line Drive, 89S)
Batting: RHB Madidou El Sayed 0-0: Called Strike
0-1: Foul Ball, location: 2F
0-2: Ball
1-2: Ball
2-2: Strikes out looking
Bottom of the 9th over - 0 run(s), 1 hit(s), 0 error(s), 1 left on base; Mile High 6 - San Jose 0
This league is powered by Out of the Park Baseball, the baseball management simulation game for PC, Mac and Linux
Saturday, April 9th, 2016 - OOTP Baseball 16.8 Build 38